 Dungeon Crawl Stone Soup version 0.26-a0-284-g73c0fb6129 (webtiles) character file.

Game seed: 2045327058128870149

4067 Infinimo the Grappler (level 10, -5/91 HPs)
             Began as a Hill Orc Monk on July 13, 2020.
             Was an Initiate of Gozag.
             Splashed by Maurice's acid (16 damage)
             ... on level 8 of the Dungeon.
             The game lasted 00:18:52 (9313 turns).

Infinimo the Grappler (Hill Orc Monk)               Turns: 9313, Time: 00:18:53

Health: -5/91      AC: 17    Str: 18    XL:     10   Next: 25%
Magic:  10/10      EV: 11    Int: 13    God:    Gozag
Gold:   555        SH:  0    Dex: 13    Spells: 9/9 levels left

rFire    . . .     SeeInvis .     - Unarmed
rCold    . . .     Faith    .   (no shield)
rNeg     + . .     Spirit   .   e - +0 scale mail
rPois    +         Reflect  .   d - +1 helmet
rElec    .         Harm     .   C - scarf {repulsion}
rCorr    .                      x - +1 pair of gloves of Awe {rPois Int+3}
MR       .....                  r - +1 pair of boots
Stlth    ..........             f - amulet of regeneration
HPRegen  0.65/turn              y - ring of positive energy
MPRegen  0.12/turn              (no ring)

@: about to teleport, repel missiles
A: molten scales 1, subdued magic 1
a: Potion Petition, Call Merchant, Bribe Branch, Renounce Religion


You were on level 8 of the Dungeon.
You worshipped Gozag.
Gozag was pleased with you.
You visited 2 branches of the dungeon, and saw 10 of its levels.

You collected 1027 gold pieces.
You spent 472 gold pieces at shops.

Inventory:

Hand Weapons
 a - a +2 hand axe of flaming
 q - a +2 dagger of venom
Missiles
 c - 17 poisoned darts (quivered)
Armour
 d - a +1 helmet (worn)
 e - a +0 scale mail (worn)
 r - a +1 pair of boots (worn)
 x - the +1 pair of gloves of Awe (worn) {rPois Int+3}
   (You bought it in a shop on level 6 of the Dungeon)

   It affects your intelligence (+3).
   It protects you from poison.
 C - a scarf of repulsion (worn)
 E - a cursed +0 plate armour
Jewellery
 f - an amulet of regeneration (around neck)
 p - an uncursed ring of wizardry {unknown}
 y - a ring of positive energy (left hand)
Scrolls
 g - 2 scrolls of remove curse
 i - 3 scrolls of teleportation
 j - 2 scrolls of blinking
 l - a scroll of noise
 m - 3 scrolls of magic mapping
 o - 5 scrolls of identify
 A - a scroll of amnesia
 D - a scroll of enchant armour
Potions
 b - 2 potions of degeneration
 h - 3 potions of resistance
 k - a potion of mutation
 n - 6 potions of curing
 s - a potion of ambrosia {unknown}
 w - a potion of cancellation
 B - a potion of brilliance {unknown}


   Skills:
 + Level 9.4 Fighting
 + Level 7.8 Armour
 - Level 2.4 Dodging
 - Level 1.5 Stealth
 * Level 11.5 Unarmed Combat


You had 9 spell levels left.
You didn't know any spells.
Your spell library contained the following spells:

 Spells                   Type           Power        Failure   Level
 Summon Small Mammal      Summ           #...         58%         1
 Call Imp                 Summ           #.......     73%         2
 Call Canine Familiar     Summ           #.......     92%         3
 Summon Guardian Golem    Hex/Summ       #.......     92%         3
 Summon Ice Beast         Ice/Summ       #.......     100%        4
 Summon Lightning Spire   Summ/Air       #.......     100%        4


Dungeon Overview and Level Annotations

Branches:
Dungeon (9/15)             Temple (1/1) D:4
   Lair: D:8-11         Orc: D:9-12

Altars:
Ashenzari
Cheibriados
Dithmenos
Elyvilon
Fedhas
Gozag
Hepliaklqana
Kikubaaqudgha
Makhleb
Nemelex Xobeh
Okawaru
Qazlal
Ru
Sif Muna
Trog
Uskayaw
Vehumet
Wu Jian
Xom
Yredelemnul
Zin
The Shining One

Shops:
D:4 (   D:6 [

Annotations:
D:8 Maurice


Innate Abilities, Weirdness & Mutations

You are partially covered in molten scales. (AC +2)
Your spells are a little easier to cast, but a little less powerful.


Message History

Maurice is lightly wounded.
Maurice casts a spell.
Maurice flickers and vanishes!
Deactivating autopickup; reactivate with Ctrl-A.
You hear a zap.
A bolt of acid appears from out of thin air!
The bolt of acid hits you!
You are splashed with acid!
You hear a zap.
A bolt of acid appears from out of thin air!
The bolt of acid hits you!
You are splashed with acid!
* * * LOW HITPOINT WARNING * * *
As you read the scroll of teleportation, it crumbles to dust.
You feel strangely unstable.
You hear a zap.
A bolt of acid appears from out of thin air!
The bolt of acid hits you!
* * * LOW HITPOINT WARNING * * *
You are splashed with acid!
You die...
Your body crumbles into a pile of gold.

#### ...# ....( # .....
########### ......
..........########(.....
#########........{.....(
########@##..... #####
#..# ... ....# #.## .
.##.# .. ....# .##
##..## ##...
.#...###.....#
.##..........#
.##...##.....


There were no monsters in sight!

Vanquished Creatures
  Erica (D:8)
  A two-headed ogre (D:7)
  2 water moccasins
  Duvessa (D:6)
  3 orc warriors
  A sky beast (D:7)
  2 ogres
  2 phantoms
  A centaur (D:5)
  3 bullfrogs
  Dowan (D:6)
  3 killer bees (D:9)
  5 wights (D:7)
  A howler monkey (D:4)
  A bullfrog zombie (D:5)
  4 orc priests
  2 bullfrog skeletons
  4 hounds
  8 orc wizards
  2 iguanas
  4 worker ants
  A worker ant zombie (D:5)
  12 gnolls
  6 adders
  3 shadow imps
  2 white imps
  2 oozes
  2 worms (D:2)
  3 dart slugs
  5 leopard geckos
  35 orcs
  9 giant cockroaches
  2 hobgoblins
  9 jackals
  6 quokkas
  3 ball pythons
  6 bats
  A frilled lizard (D:4)
  2 goblins
  6 kobolds
  A quokka skeleton (D:4)
  A quokka zombie (D:8)
  5 rats
174 creatures vanquished.

Notes
Turn   | Place    | Note
-------+----------+-------------------------------------------
     0 | D:1      | Infinimo the Hill Orc Monk began the quest for the Orb.
     0 | D:1      | Reached XP level 1. HP: 19/19 MP: 1/1
   154 | D:1      | Reached XP level 2. HP: 17/27 MP: 2/2
   491 | D:1      | Reached skill level 1 in Armour
   920 | D:2      | Reached skill level 4 in Unarmed Combat
   920 | D:2      | Reached XP level 3. HP: 17/33 MP: 3/3
  1322 | D:2      | Gained mutation: Your spells are a little easier to cast,
                  | but a little less powerful. [potion of mutation]
  1322 | D:2      | Gained mutation: You are partially covered in molten
                  | scales. (AC +2) [potion of mutation]
  2210 | D:2      | Reached XP level 4. HP: 40/40 MP: 4/4
  3096 | D:3      | Reached XP level 5. HP: 43/47 MP: 5/5
  3384 | D:4      | Reached skill level 5 in Unarmed Combat
  3407 | D:4      | Noticed an ogre
  3427 | D:3      | Killed an ogre
  3427 | D:3      | Reached skill level 5 in Fighting
  3427 | D:3      | Reached XP level 6. HP: 32/56 MP: 6/6
  3683 | D:4      | Found Taxkua's Antique Weapon Emporium.
  3706 | D:4      | Noticed a phantom
  3727 | D:4      | Killed a phantom
  3727 | D:4      | Reached skill level 6 in Unarmed Combat
  4102 | D:4      | Reached XP level 7. HP: 58/61 MP: 7/7
  4142 | D:4      | Found a staircase to the Ecumenical Temple.
  4490 | Temple   | Entered the Ecumenical Temple
  4750 | Temple   | Became a worshipper of Gozag Ym Sagoz the Greedy
  4809 | D:5      | Entered Level 5 of the Dungeon
  4897 | D:5      | Found a glowing silver altar of Zin.
  5184 | D:5      | Reached skill level 7 in Unarmed Combat
  5756 | D:5      | Reached XP level 8. HP: 62/71 MP: 8/8
  5995 | D:5      | Found a shimmering blue altar of Sif Muna.
  6320 | D:6      | Found Boloviv's Armour Shop.
  6328 | D:6      | Bought a +0 pair of gloves for 49 gold pieces
  6328 | D:6      | Bought a +1 pair of boots for 126 gold pieces
  6328 | D:6      | Bought the +1 pair of gloves of Awe {rPois Int+3} for 297
                  | gold pieces
  6373 | D:6      | Reached skill level 8 in Unarmed Combat
  6443 | D:6      | Reached skill level 5 in Armour
  6557 | D:6      | Noticed Duvessa
  6581 | D:6      | Killed Duvessa
  6612 | D:6      | Noticed Dowan
  6625 | D:6      | Killed Dowan
  7273 | D:7      | Reached skill level 9 in Unarmed Combat
  7476 | D:7      | Reached XP level 9. HP: 78/79 MP: 9/9
  8306 | D:8      | Reached skill level 10 in Unarmed Combat
  8356 | D:8      | Noticed Erica
  8392 | D:8      | HP: 4/81 [poisoned by Erica (bolt of poison)]
  8605 | D:8      | Killed Erica
  8631 | D:8      | Noticed a two-headed ogre
  8738 | D:7      | Killed a two-headed ogre
  8738 | D:7      | Reached skill level 11 in Unarmed Combat
  8738 | D:7      | Reached XP level 10. HP: 62/91 MP: 10/10
  8970 | D:8      | Found a shimmering altar of Xom.
  9305 | D:8      | Noticed Maurice
  9313 | D:8      | Splashed by Maurice's acid

Illustrated notes

Levels and vault maps discovered:
D:1:      zelgadis_glass_arrival_small, layout_rooms, serial_glass,
          glass_columns_c, glass_columns_a, glass_columns_a, glass_columns_a,
          glass_columns_a, glass_columns_c, minivault_25
D:2:      layout_loops_corners, corexii_leaking_fountain
D:3:      layout_basic
D:4:      layout_basic, minmay_temple_entry_waves, serial_shops, shop_fountains
D:5:      layout_basic, lemuel_crystal_altar, basic_altar
D:6:      layout_loops_ring, serial_shops, shop, uniq_duvessa
D:7:      layout_rooms
D:8:      layout_rooms, gammafunk_ghost_necromancy, xom_teletrap_fun,
          uniq_maurice, uniq_erica
D:9:      layout_basic
Temple:   nicolae_temple_the_god_donut

Skill      XL: |  1  2  3  4  5  6  7  8  9 |
---------------+----------------------------+-----
Armour         | 1 2 3 4 5 7 |  7.8
Fighting       | 4 5 6 7 9 |  9.4
Unarmed Combat | 4 5 6 7 9 11 | 11.5
Dodging        | |  2.4
Stealth        | |  1.5

Action                   |  1- 3 |  4- 6 |  7- 9 | 10-12 || total
-------------------------+-------+-------+-------+-------++-------
Melee: Unarmed           |   133 |       |   205 |    62 ||   400
       Hand axe          |    10 |    99 |   201 |       ||   310
       Punch             |     3 |     4 |    24 |     1 ||    32
       Dagger            |       |       |    42 |       ||    42
Throw: Dart              |       |    69 |    22 |     4 ||    95
  Use: Scroll            |     5 |       |    11 |     1 ||    17
       Potion            |     2 |       |     8 |     1 ||    11
 Stab: Sleeping          |     1 |       |       |       ||     1
       Distracted        |       |       |     3 |       ||     3
Armor: Robe              |     4 |       |       |       ||     4
       Scale mail        |    36 |    70 |   224 |    29 ||   359
Dodge: Dodged            |    90 |    80 |   187 |    19 ||   376
       Repelled          |       |       |     3 |     1 ||     4

Table legend:
 A = Non-vault XP
 B = Vault XP
 C = Vault XP percentage of total XP
 D = Non-vault monster count
 E = Vault monster count
 F = Vault count percentage of total count
                 A         B        C        D         E       F
            +---------+---------+-------+---------+---------+-------
      Total |    4663 |    1148 |  19.8 |     171 |       3 |   1.7
            +---------+---------+-------+---------+---------+-------
        D:1 |      40 |       0 |   0.0 |      15 |       0 |   0.0
        D:2 |     107 |       0 |   0.0 |      26 |       0 |   0.0
        D:3 |     146 |       0 |   0.0 |      14 |       0 |   0.0
        D:4 |     325 |       0 |   0.0 |      17 |       0 |   0.0
        D:5 |     713 |       0 |   0.0 |      37 |       0 |   0.0
        D:6 |     516 |     219 |  29.8 |      12 |       2 |  14.3
        D:7 |    2028 |       0 |   0.0 |      28 |       0 |   0.0
        D:8 |     510 |     929 |  64.6 |      15 |       1 |   6.2
        D:9 |     278 |       0 |   0.0 |       7 |       0 |   0.0
            +---------+---------+-------+---------+---------+-------
